AoeStats
← Obelix

Arabia

509503124Analyzed
1v1 RM · 6d ago on Sep 27, 2026· 32m 58s· 2 players
Game mode
Random Map
Map size
Tiny (2 player)
Population
200
Speed
Normal
Resources
Standard
Victory
Conquest
Starting age
Dark Age
Ending age
Imperial Age
RankedLock teamsTeams togetherTeam positionsShared explorationLock speedFull tech treeHidden civsTurbo modeCheats
Victory
Defeat
🇮🇳 Magyars · India
791
+19
🇦🇺 Bengalis · Australia
783
-30
Obelix
3:04 Loom
10:49 Feudal Age
12:29 Wheelbarrow
28:46 Man-at-Arms
31:34 Castle Age
32:11 Forging
32:07 Scale Barding Armor
32:03 Scale Mail Armor
31:57 Double-Bit Axe
31:54 Horse Collar
BlooD_LinE
10:50 Feudal Age
9:12 Loom
12:23 Double-Bit Axe
12:20 Horse Collar
13:59 Scale Barding Armor
20:58 Bloodlines
26:13 Castle Age
24:11 Gold Mining
24:11 Stone Mining
28:25 Wheelbarrow
28:18 Chain Barding Armor
30:50 Bow Saw
30:42 Heavy Plow
31:08 Husbandry
Connection lost

Rejoining the realm…

Still unreachable

The connection could not be restored.

Session expired

The server has moved on; the page needs a fresh start.